AoeStats
← Алгоритм выполне

Golden Pit

510159402Analyzed
1v1 RM · 3d ago on Sep 29, 2026· 27m 56s· 2 players
Game mode
Random Map
Map size
Tiny (2 player)
Population
200
Speed
Normal
Resources
Standard
Victory
Conquest
Starting age
Dark Age
Ending age
Imperial Age
RankedLock teamsTeams togetherTeam positionsShared explorationLock speedFull tech treeHidden civsTurbo modeCheats
Victory
Defeat
1292
+16
🇦🇷 Mongols · Argentina
1297
-16
Алгоритм выполне
7:14 Loom
9:57 Feudal Age
11:20 Horse Collar
12:52 Man-at-Arms
18:56 Castle Age
17:29 Double-Bit Axe
18:31 Town Watch
19:41 Forging
19:07 Pikeman
23:31 Gold Mining
Turkish Killer
7:25 Loom
10:24 Feudal Age
14:51 Castle Age
13:13 Double-Bit Axe
14:07 Scale Barding Armor
15:11 Forging
23:50 Bloodlines
24:30 Town Watch
27:28 Husbandry
Connection lost

Rejoining the realm…

Still unreachable

The connection could not be restored.

Session expired

The server has moved on; the page needs a fresh start.